 Dungeon Crawl Stone Soup version 0.29-a0-334-gb41bcbb86e (webtiles) character file.

Game seed: 4059564841749921183

57 rabbitsville the Changer (level 3, -1/29 HPs)
             Began as a Draconian Transmuter on Apr 13, 2022.
             Slain by a gnoll
             ... wielding a +0 club
              (3 damage)
             ... on level 2 of the Dungeon on Apr 14, 2022.
             The game lasted 00:07:57 (2334 turns).

rabbitsville the Changer (Draconian Transmuter)     Turns: 2334, Time: 00:08:00

Health: -1/29      AC:  7    Str: 12    XL:     3   Next: 73%
Magic:  7/7        EV: 12    Int: 15    God:
Gold:   84         SH:  0    Dex: 11    Spells: 6/7 levels left

rFire   . . .      SeeInvis .   h - +0 short sword
rCold   . . .      Faith    .   (no shield)
rNeg    . . .      Spirit   .   (body armour unavailable)
rPois   .          Reflect  .   (helmet restricted)
rElec   .          Harm     .   (no cloak)
rCorr   .          Rampage  .   (no gloves)
Will    .....                   k - +1 pair of boots
Stlth   +.........              (no amulet)
HPRegen 0.09/turn               (no ring)
MPRegen 0.10/turn               (no ring)

@: no status effects
A: AC +5, unfitting armour, cold-blooded
a: no special abilities


You were on level 2 of the Dungeon.
You visited 1 branch of the dungeon, and saw 2 of its levels.

You collected 84 gold pieces.

Inventory:

Hand Weapons
 h - a +0 short sword (weapon)
Armour
 k - a +1 pair of boots (worn)
Scrolls
 b - a scroll of blinking {unknown}
 c - a scroll of fog {unknown}
 d - a scroll of teleportation {unknown}
 f - a scroll of identify {unknown}
 l - a scroll of brand weapon {unknown}
Potions
 a - a potion of lignification
 g - a potion of invisibility {unknown}
 i - a potion of curing {unknown}
 j - a potion of heal wounds {unknown}


   Skills:
 - Level 1.7 Fighting
 - Level 1.7 Dodging
 - Level 3.0 Unarmed Combat
 * Level 2.9 Spellcasting
 * Level 3.1 Transmutations


You had 6 spell levels left.
You knew the following spells:

 Your Spells              Type           Power      Damage    Failure   Level
a - Beastly Appendage     Tmut           22%        N/A       5%          1

Your spell library contained the following spells:

 Spells                   Type           Power      Damage    Failure   Level
 Wereblood                Tmut           11%        N/A       9%          2
 Spider Form              Tmut/Pois      6%         N/A       32%         3
 Gell's Gravitas          Tloc           2%         N/A       52%         3
 Lesser Beckoning         Tloc           2%         N/A       52%         3
 Ozocubu's Armour         Ice            2%         N/A       52%         3
 Teleport Other           Tloc           2%         N/A       52%         3
 Ice Form                 Ice/Tmut       6%         N/A       71%         4
 Ozocubu's Refrigeration  Ice            1%         4d5       100%        7


Dungeon Overview and Level Annotations

Branches:
Dungeon (2/15)

Altars:


Innate Abilities, Weirdness & Mutations

Your plain brown scales are hard. (AC +5)
You cannot fit into any form of body armour.
You are cold-blooded and may be slowed by cold attacks.


Message History

Your +1 pair of boots melds into your body.
A gnoll comes into view. It is wielding a +0 spear.
The giant cockroach barely misses you.
You barely miss the giant cockroach. You claw the giant cockroach.
You kill the giant cockroach!
A gnoll comes into view. It is wielding a +0 flail.
Your transformation is almost over.
The gnoll barely misses you.
The gnoll shouts!
The gnoll hits you with a +0 spear.
A gnoll comes into view. It is wielding a +0 club.
You hit the gnoll. Your kick misses the gnoll. Your headbutt misses the gnoll.
You tail-slap the gnoll, but do no damage.
The gnoll is moderately wounded.
The gnoll hits you with a +0 spear!
A gnoll comes into view. It is wielding a +0 whip.
You barely miss the gnoll.
The gnoll shouts!
Your kick misses the gnoll. Your headbutt misses the gnoll.
You tail-slap the gnoll.
The gnoll is moderately wounded.
The gnoll hits you but does no damage.
You hit the gnoll. You claw the gnoll.
The gnoll is severely wounded.
The gnoll barely misses you.
You hit the gnoll.
You kill the gnoll!
Your Transmutations skill increases to level 3!
You barely miss the gnoll. Your kick misses the gnoll.
The gnoll attacks as you move away! The gnoll hits you with a +0 flail!
* * * LOW HITPOINT WARNING * * *
The gnoll attacks as you move away! The gnoll hits you with a +0 flail.
* * * LOW HITPOINT WARNING * * *
It was a potion of cancellation.
Your magical effects are unravelling.
You feel magically purged.
Your horns disappear.
Your talons disappear.
Your +1 pair of boots unmelds from your body.
The gnoll hits you with a +0 club.
You die...

#............ #.#
#.###########
#.######'#.....#
#.##.......###.####
#.##.......##.....##
#.##.......##..##... #
#.##.......##..#####
.###.##g######+#.##..)...#
.......gg@...#.#.##...##.#
####.##.####.#........##.#
#>....................#..
#.#.##.####...#.......###
# #.######.#..##......
#........#..#####.##
............#####..#
####....)......###.#
+...........# #.#


You could see 3 gnolls.

Vanquished Creatures
  A gnoll (D:2)
  A worm (D:2)
  3 dart slugs (D:1)
  6 ball pythons
  2 endoplasms (D:2)
  A giant cockroach (D:2)
  3 goblins
  5 hobgoblins
  2 jackals (D:1)
  5 quokkas
  3 bats
  2 kobolds
  2 rats (D:1)
36 creatures vanquished.

Notes
Turn   | Place    | Note
-------+----------+-------------------------------------------
     0 | D:1      | rabbitsville the Draconian Transmuter began the quest for
                  | the Orb.
     0 | D:1      | Reached XP level 1. HP: 16/16 MP: 3/3
   370 | D:1      | Reached XP level 2. HP: 20/23 MP: 3/5
  1305 | D:2      | Reached XP level 3. HP: 10/29 MP: 4/6
  2333 | D:2      | HP: 1/29 [gnoll/+0 flail (6)]
  2334 | D:2      | Slain by a gnoll

Illustrated notes

Levels and vault maps discovered:
D:1:      dpeg_arrival_round_a, layout_loops_ring,
          hangedman_decor_clover_reticule
D:2:      layout_basic, shapermc_ecumenical_altar_petra, minmay_puff

Skill      XL: |  1  2  3 |
---------------+----------+-----
Transmutations | 3 |  3.1
Fighting       | |  1.7
Dodging        | |  1.7
Unarmed Combat | |  3.0
Spellcasting   | |  2.9

Action                   || total
-------------------------++-------
Melee: Unarmed           ||    12
       Club              ||     8
       Kick              ||    17
       Tailslap          ||    12
       Headbutt          ||    15
       Dagger            ||    20
       Short sword       ||    57
       Punch             ||     1
 Cast: Beastly Appendage ||    21
  Use: Potion            ||     1
 Stab: Sleeping          ||     1
Armor: Skin              ||    30
Dodge: Dodged            ||    84

Table legend: (Time is in decaauts)
 A = Elapsed time spent in this place.
 B = Non-inter-level travel time spent in this place.
 C = Inter-level travel time spent in this place.
 D = Time resting spent in this place.
 E = Time spent auto-exploring this place.
 F = Levels seen in this place.
 G = Mean time per level.
                   A        B        C        D        E       F      G
               +--------+--------+--------+--------+--------+-----+--------+
         Total |   2343 |   2275 |     68 |    320 |   1461 |   2 | 1171.5 |
       Dungeon |   2343 |   2275 |     68 |    320 |   1461 |   2 | 1171.5 |
               +--------+--------+--------+--------+--------+-----+--------+

Top non-repeatable levels by time:
     D:1: 1485 daAuts
     D:2: 857 daAuts
